AoeStats
← Enishi

Nomad

509688018Analyzed
2v2 RM · 5d ago on Sep 27, 2026· 38m 42s· 4 players
Game mode
Random Map
Map size
176×176
Population
200
Speed
Normal
Resources
Standard
Victory
Conquest
Starting age
Dark Age
Ending age
Imperial Age
RankedLock teamsTeams togetherTeam positionsShared explorationLock speedFull tech treeHidden civsTurbo modeCheats
Victory
Defeat
🇧🇴 Goths · Bolivia
775
+11
🇦🇷 Dravidians · Argentina
744
+13
🇩🇪 Teutons · Germany
692
-13
🇨🇴 Cumans · Colombia
651
-11
King Kong
7:34 Loom
13:14 Feudal Age
13:46 Town Watch
16:49 Double-Bit Axe
18:45 Gold Mining
23:53 Bloodlines
28:43 Castle Age
30:12 Horse Collar
32:55 Heavy Plow
33:09 Fortified Wall
34:38 Bow Saw
36:33 Ironclad
DVD7418
16:49 Feudal Age
18:38 Double-Bit Axe
18:36 Horse Collar
22:35 Castle Age
22:51 Light Cavalry
24:42 Scale Mail Armor
28:17 Gold Mining
28:19 Stone Mining
28:47 Forging
28:53 Chain Mail Armor
31:40 Gold Shaft Mining
32:54 Heavy Plow
33:08 Bow Saw
36:01 Iron Casting
36:18 Loom
37:09 Wheelbarrow
36:22 Town Watch
Ketchup
7:28 Loom
14:11 Feudal Age
14:50 Town Watch
20:55 Castle Age
19:30 Stone Mining
19:31 Gold Mining
20:18 Horse Collar
20:29 Double-Bit Axe
26:57 Forging
27:41 Wheelbarrow
29:29 Heavy Plow
31:59 Bow Saw
32:28 Stone Shaft Mining
32:53 Hand Cart
36:41 Imperial Age
33:53 Pikeman
35:32 Town Patrol
36:18 Iron Casting
35:43 Scale Mail Armor
36:56 Anarchy
37:44 Conscription
38:42 Blast Furnace
37:58 Chain Mail Armor
Enishi
15:30 Feudal Age
14:53 Loom
16:14 Fishing Lines
16:46 Double-Bit Axe
19:36 Scale Barding Armor
24:36 Castle Age
22:59 Man-at-Arms
23:26 Arson
23:57 Forging
25:46 Bow Saw
25:34 Stone Mining
26:40 Husbandry
26:07 Crossbowman
27:01 Pikeman
27:42 Squires
28:41 Gold Mining
30:05 Thumb Ring
29:52 Fletching
30:48 Wheelbarrow
30:00 Town Watch
30:20 Gillnets
32:16 Iron Casting
31:36 Bodkin Arrow
31:43 Scale Mail Armor
31:51 Horse Collar
33:31 Hand Cart
33:20 Long Swordsman
33:36 Light Cavalry
35:00 Town Patrol
37:05 Medical Corps
37:35 Ballistics
37:11 Murder Holes
39:56 Imperial Age
38:24 Chain Barding Armor
37:59 Bodkin Arrow
Connection lost

Rejoining the realm…

Still unreachable

The connection could not be restored.

Session expired

The server has moved on; the page needs a fresh start.